| TOP OF THE 1ST |
|
Jacksonville Suns batting - Pitching for Biloxi Shuckers : LHP Mike Moffett
|
|
Pitching: LHP Mike Moffett
|
|
|
Batting: RHB Akira Suzuki
|
0-0: DOUBLE (Flyball, 8RXD, EV 100.0 MPH)
|
|
Batting: RHB Reomel Somera
|
0-0: Fly out, F9 (Flyball, 9, EV 90.0 MPH)
|
|
Batting: RHB Jack Power
|
0-0: Ball 1-0: Swinging Strike 1-1: Fly out, F7 (Flyball, 7D, EV 88.1 MPH) Runner from 2nd tags up, SAFE at 3rd, no throw by LF
|
|
Batting: RHB Torquato Obawole
|
0-0: Called Strike 0-1: Called Strike 0-2: Fly out, F8 (Line Drive, 8LS, EV 95.0 MPH)
|
| Top of the 1st over - 0 runs, 1 hit, 0 errors, 1 left on base; Jacksonville 0 - Biloxi 0 |
| BOTTOM OF THE 1ST |
|
Biloxi Shuckers batting - Pitching for Jacksonville Suns : RHP J.P. Wilson
|
|
Pitching: RHP J.P. Wilson
|
|
|
Batting: SHB Aaron Neill
|
0-0: Called Strike 0-1: Ball 1-1: Called Strike 1-2: Ball 2-2: Ball 3-2: Strikes out swinging
|
|
Batting: SHB Justin Hensley
|
0-0: Ball 1-0: Ball 2-0: Ball 3-0: Called Strike 3-1: Ground out U3 (Groundball, 3, EV 93.1 MPH)
|
|
Batting: LHB Rick Campbell
|
0-0: Foul Ball, location: 2F 0-1: Foul Ball, location: 2F 0-2: Ball 1-2: Foul Ball, location: 2F 1-2: Ball 2-2: Foul Ball, location: 2F 2-2: Foul Ball, location: 2F 2-2: SINGLE (Groundball, 34D, EV 103.8 MPH)
|
|
Batting: RHB Josh Nelson
|
0-0: Called Strike 0-1: Called Strike Rick Campbell steals 2nd base (no throw) 0-2: Ball 1-2: Hit by Pitch
|
|
Batting: LHB Kwang-chih Men
|
0-0: Called Strike 0-1: Ball 1-1: Ground out 4-3 (Groundball, 34D, EV 101.9 MPH)
|
| Bottom of the 1st over - 0 runs, 1 hit, 0 errors, 2 left on base; Jacksonville 0 - Biloxi 0 |
| TOP OF THE 2ND |
|
Jacksonville Suns batting - Pitching for Biloxi Shuckers : LHP Mike Moffett
|
|
Batting: LHB Dong-u Chang
|
0-0: Ball 1-0: Called Strike 1-1: Ball 2-1: Swinging Strike 2-2: Ground out 5-3 (Groundball, 56, EV 80.6 MPH)
|
|
Batting: RHB Len Graham
|
0-0: Swinging Strike 0-1: Foul Ball, location: 2F 0-2: Ball 1-2: Foul Ball, location: 2F 1-2: SINGLE (Groundball, 15, EV 60.6 MPH) (infield hit)
|
|
Batting: LHB Orlando Rivera
|
0-0: Called Strike 0-1: Fielders Choice at 2nd, 3-6 (Groundball, 3, EV 105.6 MPH)
|
|
Batting: RHB Larry LeFever
|
0-0: Ball 1-0: Swinging Strike 1-1: Foul Ball, location: 2F 1-2: Ball Orlando Rivera steals 2nd base 2-2: Strikes out swinging
|
| Top of the 2nd over - 0 runs, 1 hit, 0 errors, 1 left on base; Jacksonville 0 - Biloxi 0 |
| BOTTOM OF THE 2ND |
|
Biloxi Shuckers batting - Pitching for Jacksonville Suns : RHP J.P. Wilson
|
|
Batting: SHB Ramon Perez
|
0-0: Called Strike 0-1: Called Strike 0-2: Ball 1-2: Ball 2-2: Strikes out swinging
|
|
Batting: RHB Brian Landrum
|
0-0: Called Strike 0-1: Called Strike 0-2: Ball 1-2: Ball 2-2: Ball 3-2: Ground out 4-3 (Groundball, 4M, EV 85.6 MPH)
|
|
Batting: SHB Nick Chandler
|
0-0: Ball 1-0: Ground out 4-3 (Groundball, 4M, EV 101.9 MPH)
|
| Bottom of the 2nd over - 0 runs, 0 hits, 0 errors, 0 left on base; Jacksonville 0 - Biloxi 0 |
| TOP OF THE 3RD |
|
Jacksonville Suns batting - Pitching for Biloxi Shuckers : LHP Mike Moffett
|
|
Batting: LHB Matt McKeon
|
0-0: Foul Ball, location: 2F 0-1: Swinging Strike 0-2: Ball 1-2: Strikes out swinging
|
|
Batting: RHB Akira Suzuki
|
0-0: Ball 1-0: Called Strike 1-1: Called Strike 1-2: Strikes out swinging
|
|
Batting: RHB Reomel Somera
|
0-0: Called Strike 0-1: Ground out 5-3 (Groundball, 56S, EV 86.2 MPH)
|
| Top of the 3rd over - 0 runs, 0 hits, 0 errors, 0 left on base; Jacksonville 0 - Biloxi 0 |
| BOTTOM OF THE 3RD |
|
Biloxi Shuckers batting - Pitching for Jacksonville Suns : RHP J.P. Wilson
|
|
Batting: RHB Leo Serrano
|
0-0: Ball 1-0: Foul Ball, location: 2F 1-1: Ball 2-1: Swinging Strike 2-2: Foul Ball, location: 2F 2-2: Strikes out swinging
|
|
Batting: SHB Aaron Neill
|
0-0: Ball 1-0: Called Strike 1-1: Ball 2-1: Swinging Strike 2-2: Strikes out looking
|
|
Batting: SHB Justin Hensley
|
0-0: Ball 1-0: Fly out, F3 (Line Drive, 3L, EV 70.0 MPH)
|
| Bottom of the 3rd over - 0 runs, 0 hits, 0 errors, 0 left on base; Jacksonville 0 - Biloxi 0 |
| TOP OF THE 4TH |
|
Jacksonville Suns batting - Pitching for Biloxi Shuckers : LHP Mike Moffett
|
|
Batting: RHB Jack Power
|
0-0: Called Strike 0-1: Ball 1-1: Swinging Strike 1-2: Ground out 5-3 (Groundball, 56, EV 95.0 MPH)
|
|
Batting: RHB Torquato Obawole
|
0-0: Ball 1-0: Swinging Strike 1-1: SINGLE (Flyball, 56D, EV 92.5 MPH)
|
|
Batting: LHB Dong-u Chang
|
0-0: Ball 1-0: Swinging Strike 1-1: Swinging Strike 1-2: Fly out, F8 (Flyball, 8RXD, EV 93.8 MPH)
|
|
Batting: RHB Len Graham
|
0-0: Ball 1-0: Ground out 4-3 (Groundball, 34, EV 86.2 MPH)
|
| Top of the 4th over - 0 runs, 1 hit, 0 errors, 1 left on base; Jacksonville 0 - Biloxi 0 |
| BOTTOM OF THE 4TH |
|
Biloxi Shuckers batting - Pitching for Jacksonville Suns : RHP J.P. Wilson
|
|
Batting: LHB Rick Campbell
|
0-0: Ball 1-0: Foul Ball, location: 2F 1-1: Foul Ball, location: 2F 1-2: Strikes out swinging
|
|
Batting: RHB Josh Nelson
|
0-0: Called Strike 0-1: Called Strike 0-2: Ball 1-2: Ball 2-2: Ball 3-2: Strikes out swinging
|
|
Batting: LHB Kwang-chih Men
|
0-0: Ball 1-0: Swinging Strike 1-1: Ball 2-1: Fly out, F8 (Line Drive, 8LD, EV 91.9 MPH)
|
| Bottom of the 4th over - 0 runs, 0 hits, 0 errors, 0 left on base; Jacksonville 0 - Biloxi 0 |
| TOP OF THE 5TH |
|
Jacksonville Suns batting - Pitching for Biloxi Shuckers : LHP Mike Moffett
|
|
Batting: LHB Orlando Rivera
|
0-0: Swinging Strike 0-1: Ball 1-1: Swinging Strike 1-2: Strikes out swinging
|
|
Batting: RHB Larry LeFever
|
0-0: Ball 1-0: Ball 2-0: Foul Ball, location: 2F 2-1: Ball 3-1: Foul Ball, location: 2F 3-2: Base on Balls
|
|
Batting: LHB Matt McKeon
|
0-0: Called Strike 0-1: Ball 1-1: Swinging Strike 1-2: Strikes out swinging
|
|
Batting: RHB Akira Suzuki
|
0-0: Fly out, F6 (Popup, P, EV 83.8 MPH)
|
| Top of the 5th over - 0 runs, 0 hits, 0 errors, 1 left on base; Jacksonville 0 - Biloxi 0 |
| BOTTOM OF THE 5TH |
|
Biloxi Shuckers batting - Pitching for Jacksonville Suns : RHP J.P. Wilson
|
|
Batting: SHB Ramon Perez
|
0-0: Foul Ball, location: 2F 0-1: Ball 1-1: Called Strike 1-2: Ball 2-2: Strikes out swinging
|
|
Batting: RHB Brian Landrum
|
0-0: Ball 1-0: Ball 2-0: Ball 3-0: Foul Ball, location: 2F 3-1: Swinging Strike 3-2: Base on Balls
|
|
Batting: SHB Nick Chandler
|
0-0: Ball 1-0: Foul Ball, location: 2F 1-1: Called Strike 1-2: Strikes out looking
|
|
Batting: RHB Leo Serrano
|
0-0: Swinging Strike 0-1: Ball 1-1: Foul Ball, location: 2F 1-2: Ground out 4-3 (Groundball, 4, EV 100.0 MPH)
|
| Bottom of the 5th over - 0 runs, 0 hits, 0 errors, 1 left on base; Jacksonville 0 - Biloxi 0 |
| TOP OF THE 6TH |
|
Jacksonville Suns batting - Pitching for Biloxi Shuckers : LHP Mike Moffett
|
|
Batting: RHB Reomel Somera
|
0-0: Called Strike 0-1: Ball 1-1: Foul Ball, location: 2F 1-2: Foul Ball, location: 2F 1-2: Strikes out swinging
|
|
Batting: RHB Jack Power
|
0-0: Ball 1-0: Ball 2-0: Ground out U3 (Groundball, 34S, EV 86.9 MPH)
|
|
Batting: RHB Torquato Obawole
|
0-0: Called Strike 0-1: Ball 1-1: Ball 2-1: Ground out 4-3 (Groundball, 4, EV 80.0 MPH)
|
| Top of the 6th over - 0 runs, 0 hits, 0 errors, 0 left on base; Jacksonville 0 - Biloxi 0 |
| BOTTOM OF THE 6TH |
|
Biloxi Shuckers batting - Pitching for Jacksonville Suns : RHP J.P. Wilson
|
|
Batting: SHB Aaron Neill
|
0-0: Called Strike 0-1: Ball 1-1: Foul Ball, location: 2F 1-2: Foul Ball, location: 2F 1-2: SINGLE (Groundball, 5L, EV 91.2 MPH) (infield hit)
|
|
Pitching: LHP Will Sledge
|
|
|
Batting: SHB Justin Hensley
|
0-0: Called Strike Aaron Neill steals 2nd base 0-1: Ball 1-1: Ball Wild Pitch! Aaron Neill to third 2-1: Foul Ball, location: 2F 2-2: Ball 3-2: Foul Ball, location: 2F 3-2: Foul Ball, location: 2F Balk! Aaron Neill scores 3-2: Foul Ball, location: 2F 3-2: Foul Ball, location: 2F 3-2: Base on Balls
|
|
Batting: LHB Rick Campbell
|
0-0: Called Strike 0-1: Ball 1-1: Called Strike 1-2: Strikes out looking
|
|
Batting: RHB Josh Nelson
|
0-0: Ball 1-0: Called Strike 1-1: Ball 2-1: Called Strike 2-2: Strikes out looking
|
|
Batting: LHB Kwang-chih Men
|
0-0: SINGLE (Groundball, 6S, EV 70.6 MPH) (infield hit) Justin Hensley to second
|
|
Pinch Runner at 2nd Nick Cummings:
|
|
|
Batting: SHB Ramon Perez
|
0-0: Ball 1-0: Ball 2-0: Fly out, F8 (Flyball, 8RM, EV 83.8 MPH)
|
| Bottom of the 6th over - 1 run, 2 hits, 0 errors, 2 left on base; Jacksonville 0 - Biloxi 1 |
| TOP OF THE 7TH |
|
Jacksonville Suns batting - Pitching for Biloxi Shuckers : LHP Mike Moffett
|
|
Batting: LHB Dong-u Chang
|
0-0: Ball 1-0: Called Strike 1-1: Ball 2-1: Ball 3-1: Ground out 4-3 (Groundball, 4, EV 105.6 MPH)
|
|
Batting: RHB Len Graham
|
0-0: Called Strike 0-1: Ball 1-1: Ball 2-1: Called Strike 2-2: Ball 3-2: Foul Ball, location: 2F 3-2: Fly out, F7 (Flyball, 78M, EV 80.0 MPH)
|
|
Batting: LHB Orlando Rivera
|
0-0: Ball 1-0: Ground out 4-3 (Groundball, 4, EV 100.0 MPH)
|
| Top of the 7th over - 0 runs, 0 hits, 0 errors, 0 left on base; Jacksonville 0 - Biloxi 1 |
| BOTTOM OF THE 7TH |
|
Biloxi Shuckers batting - Pitching for Jacksonville Suns : LHP Will Sledge
|
|
Pitching: RHP Earl Shepherd
|
|
|
Batting: RHB Brian Landrum
|
0-0: Ball 1-0: Foul Ball, location: 2F 1-1: Ball 2-1: Ball 3-1: Base on Balls
|
|
Batting: SHB Nick Chandler
|
0-0: Called Strike 0-1: Swinging Strike 0-2: Strikes out swinging
|
|
Batting: RHB Leo Serrano
|
0-0: Called Strike 0-1: Fly out, F8 (Line Drive, 8RS, EV 98.1 MPH)
|
|
Batting: SHB Aaron Neill
|
0-0: Called Strike 0-1: Called Strike 0-2: Ball 1-2: Ball 2-2: Foul Ball, location: 2F 2-2: Foul Ball, location: 2F 2-2: Fly out, F7 (Flyball, 7LM, EV 85.6 MPH)
|
| Bottom of the 7th over - 0 runs, 0 hits, 0 errors, 1 left on base; Jacksonville 0 - Biloxi 1 |
| TOP OF THE 8TH |
|
Jacksonville Suns batting - Pitching for Biloxi Shuckers : LHP Mike Moffett
|
|
Batting: RHB Larry LeFever
|
0-0: Ball 1-0: Ball 2-0: Ground out 6-3 (Groundball, 6, EV 104.4 MPH)
|
|
Batting: LHB Matt McKeon
|
0-0: Ball 1-0: Foul Ball, location: 2F 1-1: Ball 2-1: Called Strike 2-2: Foul Ball, location: 2F 2-2: Fly out, F7 (Flyball, 7, EV 96.2 MPH)
|
|
Batting: RHB Akira Suzuki
|
0-0: Ball 1-0: Ball 2-0: Foul Ball, location: 2F 2-1: Ground out 4-3 (Groundball, 4, EV 109.4 MPH)
|
| Top of the 8th over - 0 runs, 0 hits, 0 errors, 0 left on base; Jacksonville 0 - Biloxi 1 |
| BOTTOM OF THE 8TH |
|
Biloxi Shuckers batting - Pitching for Jacksonville Suns : RHP Earl Shepherd
|
|
Batting: RHB Nick Cummings
|
0-0: Swinging Strike 0-1: Ball 1-1: Foul Ball, location: 2F 1-2: Ball 2-2: Fly out, F9 (Flyball, 9S, EV 85.0 MPH)
|
|
Batting: LHB Rick Campbell
|
0-0: Called Strike 0-1: Ball 1-1: Ball 2-1: Swinging Strike 2-2: Ball 3-2: Foul Ball, location: 2F 3-2: Strikes out swinging
|
|
Batting: RHB Josh Nelson
|
0-0: Ball 1-0: Swinging Strike 1-1: Ball 2-1: Ball 3-1: Base on Balls
|
|
Batting: LHB Kwang-chih Men
|
0-0: Ball 1-0: Called Strike 1-1: Swinging Strike 1-2: Ball 2-2: Strikes out swinging
|
| Bottom of the 8th over - 0 runs, 0 hits, 0 errors, 1 left on base; Jacksonville 0 - Biloxi 1 |
| TOP OF THE 9TH |
|
Jacksonville Suns batting - Pitching for Biloxi Shuckers : LHP Mike Moffett
|
|
Pitching: RHP Drew Tollefsen
|
|
|
Batting: RHB Reomel Somera
|
0-0: Ball 1-0: Foul Ball, location: 2F 1-1: Ball 2-1: SINGLE (Line Drive, 8LS, EV 106.2 MPH)
|
|
Batting: RHB Jack Power
|
0-0: Foul Ball, location: 2F 0-1: Ball 1-1: Foul Ball, location: 2F 1-2: Ball 2-2: Ball 3-2: 2-RUN HOME RUN (Flyball, 78XD, EV 110.0 MPH), Distance : 412 ft
|
|
Batting: RHB Torquato Obawole
|
0-0: Ball 1-0: Foul Ball, location: 2F 1-1: Swinging Strike 1-2: Ball 2-2: Strikes out swinging
|
|
Batting: LHB Dong-u Chang
|
0-0: Fly out, F9 (Flyball, 9D, EV 97.5 MPH)
|
|
Batting: RHB Len Graham
|
0-0: Foul Ball, location: 2F 0-1: Fly out, F9 (Line Drive, 9, EV 86.2 MPH)
|
| Top of the 9th over - 2 runs, 2 hits, 0 errors, 0 left on base; Jacksonville 2 - Biloxi 1 |
| BOTTOM OF THE 9TH |
|
Biloxi Shuckers batting - Pitching for Jacksonville Suns : RHP Earl Shepherd
|
|
Pitching: RHP Cory Levine
|
|
|
Batting: SHB Ramon Perez
|
0-0: Ball 1-0: Fly out, F8 (Flyball, 8LM, EV 93.8 MPH)
|
|
Batting: RHB Brian Landrum
|
0-0: Fly out, F8 (Line Drive, 8LM, EV 97.5 MPH)
|
|
Batting: SHB Nick Chandler
|
0-0: Ground out 6-3 (Groundball, 6, EV 106.2 MPH)
|
| Bottom of the 9th over - 0 runs, 0 hits, 0 errors, 0 left on base; Jacksonville 2 - Biloxi 1 |
|